 Dungeon Crawl Stone Soup version 0.28.0-43-g3370ac3207 (webtiles) character file.

Game seed: 12109818203078852187

456 Ablot the Grasshopper (level 7, -8/56 HPs)
             Began as a Gnoll Warper on Mar 17, 2022.
             Mangled by Pikel
             ... wielding a +1 whip of electrocution
              (16 damage)
             ... on level 3 of the Dungeon.
             The game lasted 00:06:05 (4701 turns).

Ablot the Grasshopper (Gnoll Warper)                Turns: 4701, Time: 00:06:05

Health: -8/56      AC:  5    Str: 12    XL:     7   Next: 6%
Magic:  13/15      EV: 13    Int: 12    God:
Gold:   125        SH:  0    Dex: 12    Spells: 11/17 levels left

rFire   . . .      SeeInvis .   a - +2 spear (vamp)
rCold   . . .      Faith    .   (no shield)
rNeg    . . .      Spirit   .   b - +0 leather armour
rPois   .          Reflect  .   e - +0 helmet
rElec   .          Harm     .   (no cloak)
rCorr   .          Rampage  .   (no gloves)
Will    .....                   h - +0 pair of boots
Stlth   ++........              (no amulet)
HPRegen 0.18/turn               (no ring)
MPRegen 0.14/turn               (no ring)

@: no status effects
A: fangs 1, strong nose, distributed training
a: no special abilities


You were on level 3 of the Dungeon.
You visited 1 branch of the dungeon, and saw 4 of its levels.

You collected 125 gold pieces.

Inventory:

Hand Weapons
 a - a +2 vampiric spear (weapon)
Missiles
 d - 5 boomerangs of dispersal
 f - a curare-tipped dart (quivered)
 j - 39 arrows
 k - 152 stones
Armour
 b - a +0 leather armour (worn)
 e - a +0 helmet (worn)
 h - a +0 pair of boots (worn)
Scrolls
 c - a scroll of blinking
 l - 6 scrolls of identify {unknown}
 n - a scroll of enchant weapon {unknown}
 p - a scroll of magic mapping {unknown}
 r - a scroll of enchant armour {unknown}
 s - a scroll of teleportation {unknown}
Potions
 g - a potion of flight {unknown}
 i - 3 potions of curing {unknown}
 m - a potion of berserk rage {unknown}
 q - a potion of might {unknown}


   Skills:
 + Level 5.1 Fighting
 + Level 2.2 Short Blades
 + Level 2.2 Long Blades
 + Level 2.2 Axes
 + Level 2.2 Maces & Flails
 + Level 5.1 Polearms
 + Level 2.2 Staves
 + Level 2.2 Slings
 + Level 2.2 Bows
 + Level 2.2 Crossbows
 + Level 3.4 Throwing
 + Level 3.4 Armour
 + Level 5.1 Dodging
 + Level 2.2 Stealth
 + Level 2.2 Shields
 + Level 2.2 Unarmed Combat
 + Level 5.5 Spellcasting
 + Level 1.8 Conjurations
 + Level 1.8 Hexes
 + Level 1.8 Summonings
 + Level 1.8 Necromancy
 + Level 5.7 Translocations
 + Level 1.8 Transmutations
 + Level 1.8 Fire Magic
 + Level 1.8 Ice Magic
 + Level 1.8 Air Magic
 + Level 1.8 Earth Magic
 + Level 1.8 Poison Magic
 + Level 2.5 Invocations
 + Level 2.2 Evocations


You had 11 spell levels left.
You knew the following spells:

 Your Spells              Type           Power      Damage    Failure   Level
a - Blink                 Tloc           34%        N/A       3%          2
b - Call Imp              Summ           7%         N/A       17%         2
c - Passwall              Tmut/Erth      5%         N/A       17%         2

Your spell library contained the following spells:

 Spells                   Type           Power      Damage    Failure   Level
 Apportation              Tloc           34%        N/A       2%          1
 Gell's Gravitas          Tloc           17%        N/A       7%          3
 Lesser Beckoning         Tloc           17%        N/A       7%          3
 Teleport Other           Tloc           17%        N/A       7%          3
 Magic Dart               Conj           28%        1d4       12%         1
 Sandblast                Erth           14%        2d6       12%         1
 Searing Ray              Conj           14%        2d5       17%         2
 Mephitic Cloud           Conj/Pois/Air  7%         N/A       34%         3
 Stone Arrow              Conj/Erth      14%        3d7       34%         3
 Manifold Assault         Tloc           17%        N/A       54%         5
 Fulminant Prism          Conj/Hex       3%         3d6       75%         4
 Alistair's Intoxication  Tmut/Pois      4%         N/A       97%         5


Dungeon Overview and Level Annotations

Branches:
Dungeon (4/15)
 Temple: D:4-7

Altars:
Wu Jian

Annotations:
D:3 1 runed translucent door, exclusion: door, Pikel; n00bb0dy's ghost, weakling GrEE


Innate Abilities, Weirdness & Mutations

You have very sharp teeth.
Your uncanny sense of smell can sniff out nearby items.
Your experience applies equally to all skills.


Message History

Press: ? - help, Q - select action, (/) - cycle Shift-Dir - straight line, f/p - Pikel
Aim: Pikel, wielding a +1 whip of electrocution and wearing a +0 robe (severely wounded, very poisoned, slow, 53% to hit)
You throw a curare-tipped dart.
The curare-tipped dart barely misses Pikel.
Throw: 2 darts (curare)
Press: ? - help, Q - select action, (/) - cycle Shift-Dir - straight line, f/p - Pikel
Aim: Pikel, wielding a +1 whip of electrocution and wearing a +0 robe (severely wounded, very poisoned, slow, 53% to hit)
You throw a curare-tipped dart. The curare-tipped dart hits Pikel.
Pikel looks as sick as possible!
Pikel convulses.
Pikel seems to be slow for longer.
Pikel is severely wounded.
Reach: a) +2 spear (vamp)
Press: ? - help, Dir - move target, f/p - Pikel
Aim: Pikel, wielding a +1 whip of electrocution and wearing a +0 robe (almost dead, extremely poisoned, slow, about 40% to evade your +2 vampiric spear)
You reach to attack!
You closely miss Pikel.
Pikel is almost dead.
Unknown command.
Reach: a) +2 spear (vamp)
Press: ? - help, Dir - move target, f/p - Pikel
Aim: Pikel, wielding a +1 whip of electrocution and wearing a +0 robe (almost dead, extremely poisoned, slow, about 40% to evade your +2 vampiric spear)
You reach to attack!
You hit Pikel but do no damage.
Pikel is almost dead.
You feel stable enough to blink again.
Reach: a) +2 spear (vamp)
Press: ? - help, Dir - move target, f/p - Pikel
Aim: Pikel, wielding a +1 whip of electrocution and wearing a +0 robe (almost dead, extremely poisoned, slow, about 40% to evade your +2 vampiric spear)
You reach to attack!
You completely miss Pikel.
Pikel is almost dead.
Unknown command.
You hit Pikel but do no damage.
Pikel is almost dead.
Pikel misses you.
You barely miss Pikel.
Pikel is almost dead.
You barely miss Pikel. Your bite misses Pikel.
Pikel is almost dead.
Pikel hits you with a +1 whip of electrocution!
* * * LOW HITPOINT WARNING * * *
You are electrocuted!
You die...

...##.##......# #.#...##
# #####.##..#####
#.#.#.(# # # #.##..####
#.#....# ##### #
#.##.....# #.####5# #....
#####.##.###.# #.# #.#
#.###
#............#####.####5#
#.#
....................(...#
#.#
##....##.###.#####.######
#.###
###.#.##......[>@K5#
#....
....#.##.##...######
##### ###.#.##.#.###.#
......##...# #.#
#####.##...###.#
#####.##..#..†##
......##..#.### ##
#####.##[)#.# ##.
#.##..#.# #.#


You could see Pikel (very poisoned, slow) and a lemure.

Vanquished Creatures
  Sigmund (D:3)
  A hound (D:4)
  2 orc priests
  Jessica (D:2)
  2 orc wizards (D:3)
  4 gnolls
  2 adders
  An adder skeleton (D:4)
  5 worms
  5 dart slugs
  An orc (D:4)
  5 ball pythons (D:1)
  6 endoplasms
  A giant cockroach (D:2)
  5 goblins
  4 hobgoblins
  3 quokkas
  A bat (D:1)
  2 frilled lizards
  5 kobolds
  6 rats
63 creatures vanquished.

Notes
Turn   | Place    | Note
-------+----------+-------------------------------------------
     0 | D:1      | Ablot the Gnoll Warper began the quest for the Orb.
     0 | D:1      | Reached XP level 1. HP: 20/20 MP: 6/6
    86 | D:1      | Reached XP level 2. HP: 22/26 MP: 7/7
   136 | D:1      | Learned a level 2 spell: Blink
   455 | D:1      | Found a faded altar of an unknown god.
   591 | D:1      | Reached XP level 3. HP: 31/31 MP: 9/9
   611 | D:1      | Reached skill level 5 in Spellcasting
  1111 | D:2      | Reached skill level 1 in Invocations
  1462 | D:2      | Noticed Jessica
  1476 | D:2      | Killed Jessica
  1477 | D:2      | Reached skill level 1 in Short Blades
  1477 | D:2      | Reached skill level 1 in Long Blades
  1477 | D:2      | Reached skill level 1 in Axes
  1477 | D:2      | Reached skill level 1 in Maces & Flails
  1477 | D:2      | Reached skill level 1 in Staves
  1477 | D:2      | Reached skill level 1 in Slings
  1477 | D:2      | Reached skill level 1 in Bows
  1477 | D:2      | Reached skill level 1 in Crossbows
  1477 | D:2      | Reached skill level 1 in Stealth
  1477 | D:2      | Reached skill level 1 in Shields
  1477 | D:2      | Reached skill level 1 in Unarmed Combat
  1477 | D:2      | Reached skill level 1 in Evocations
  1477 | D:2      | Reached XP level 4. HP: 38/38 MP: 11/11
  2461 | D:3      | Noticed n00bb0dy's ghost (weakling GrEE)
  2462 | D:3      | Found a runed translucent door.
  2552 | D:3      | Reached skill level 1 in Conjurations
  2552 | D:3      | Reached skill level 1 in Hexes
  2552 | D:3      | Reached skill level 1 in Summonings
  2552 | D:3      | Reached skill level 1 in Necromancy
  2552 | D:3      | Reached skill level 1 in Transmutations
  2552 | D:3      | Reached skill level 1 in Fire Magic
  2552 | D:3      | Reached skill level 1 in Ice Magic
  2552 | D:3      | Reached skill level 1 in Air Magic
  2552 | D:3      | Reached skill level 1 in Earth Magic
  2552 | D:3      | Reached skill level 1 in Poison Magic
  2834 | D:3      | Noticed Sigmund
  2856 | D:3      | Killed Sigmund
  2857 | D:3      | Reached XP level 5. HP: 22/43 MP: 12/12
  2857 | D:3      | Reached XP level 6. HP: 26/50 MP: 13/13
  3057 | D:3      | Found an ornate altar of the Wu Jian Council.
  3066 | D:3      | Learned a level 2 spell: Call Imp
  3764 | D:3      | Reached skill level 5 in Fighting
  3764 | D:3      | Reached skill level 5 in Polearms
  3764 | D:3      | Reached skill level 5 in Dodging
  4506 | D:4      | Learned a level 2 spell: Passwall
  4628 | D:4      | Noticed Pikel
  4668 | D:4      | Reached XP level 7. HP: 38/56 MP: 15/15
  4701 | D:3      | Mangled by Pikel

Illustrated notes

Levels and vault maps discovered:
D:1:      eino_arrival_cavern_b, layout_rooms, ebering_ecumenical_altar_webs,
          minmay_distorted
D:2:      layout_basic, serial_co_window_serial, co_window_corner_a,
          co_window_paths_b, co_window_of_opportunity_a, co_window_corner_a,
          co_window_corner_a, co_window_of_opportunity_b, co_window_broadway_b,
          co_window_2corner, co_window_corner_cb, co_window_broadway_b,
          co_window_corner_b, glass_columns_a, glass_columns_b, glass_columns_a,
          uniq_jessica
D:3:      layout_loops_ring, nicolae_wu_jian_wuxing_cycle,
          hellmonk_ghost_happy_afterlife, chequers_serial_rivers_room_b,
          uniq_sigmund
D:4:      layout_cave_pools, minmay_diced_spiral, uniq_pikel

Skill      XL: |  1  2  3  4  5  6 |
---------------+-------------------+-----
Spellcasting   | 5 |  5.5
Invocations    | 1 2 |  2.5
Short Blades   | 1 2 |  2.2
Long Blades    | 1 2 |  2.2
Axes           | 1 2 |  2.2
Maces & Flails | 1 2 |  2.2
Staves         | 1 2 |  2.2
Slings         | 1 2 |  2.2
Bows           | 1 2 |  2.2
Crossbows      | 1 2 |  2.2
Stealth        | 1 2 |  2.2
Shields        | 1 2 |  2.2
Unarmed Combat | 1 2 |  2.2
Evocations     | 1 2 |  2.2
Conjurations   | 1 |  1.8
Hexes          | 1 |  1.8
Summonings     | 1 |  1.8
Necromancy     | 1 |  1.8
Transmutations | 1 |  1.8
Fire Magic     | 1 |  1.8
Ice Magic      | 1 |  1.8
Air Magic      | 1 |  1.8
Earth Magic    | 1 |  1.8
Poison Magic   | 1 |  1.8
Throwing       | 3 |  3.4
Armour         | 3 |  3.4
Fighting       | 5 |  5.1
Polearms       | 5 |  5.1
Dodging        | 5 |  5.1
Translocations | |  5.7

Action                   |  1- 3 |  4- 6 |  7- 9 || total
-------------------------+-------+-------+-------++-------
Melee: Spear             |   119 |   180 |    11 ||   310
       Bite              |     5 |    13 |       ||    18
       Punch             |     2 |     3 |       ||     5
Throw: Dart              |       |    28 |     5 ||    33
 Cast: Blink             |       |     1 |     2 ||     3
       Call Imp          |       |     1 |     1 ||     2
 Stab: Sleeping          |       |     1 |       ||     1
Armor: Leather armour    |    18 |    24 |       ||    42
Dodge: Dodged            |    38 |    79 |     3 ||   120
